 Dungeon Crawl Stone Soup version 0.30-a0-760-g5a9884bb7c (webtiles) character file.

Game seed: 1639180022185425442

25 holysushi the Insei (level 2, 0/23 HPs)
             Began as a Vampire Monk on Feb 11, 2023.
             Succumbed to an adder's poison
             ... on level 2 of the Dungeon.
             The game lasted 00:00:49 (1237 turns).

holysushi the Insei (Vampire Monk)                  Turns: 1237, Time: 00:00:50

Health: 0/23       AC:  2    Str: 10    XL:     2   Next: 82%
Magic:  2/2        EV: 13    Int: 12    God:
Gold:   75         SH:  0    Dex: 16    Spells: 1/1 levels left

rFire   . . .      SeeInvis +      - Unarmed
rCold   . . .      Faith    .    (no shield)
rNeg    . . .      Spirit   .    a - +0 robe
rPois   .          Reflect  .    (no helmet)
rElec   .          Harm     .    (no cloak)
rCorr   .          Rampage  .    (no gloves)
Will    .....                    (no boots)
Stlth   ++                       (no amulet)
HPRegen 0.43/turn                (no ring)
MPRegen 0.08/turn                (no ring)

@: lethally poisoned (0 -> -2), healing quickly
A: alive, fangs 3, see invisible, vampiric 1
a: Exsanguinate


You were on level 2 of the Dungeon.
You visited 1 branch of the dungeon, and saw 2 of its levels.

You collected 75 gold pieces.

Inventory:

Armour
 a - a +0 robe (worn)
Jewellery
 i - an amulet of guardian spirit
Scrolls
 c - 4 scrolls of teleportation {unknown}
 d - 2 scrolls of identify {unknown}
 e - a scroll of amnesia {unknown}
Potions
 b - a potion of ambrosia
 f - a potion of invisibility {unknown}
 g - a potion of curing {unknown}
 h - a potion of magic {unknown}


   Skills:
 - Level 2.6 Fighting
 - Level 3.2 Dodging
 - Level 3.0 Stealth
 + Level 4.5 Unarmed Combat


You had one spell level left.
You didn't know any spells.
Your spell library contained the following spells:

 Spells                   Type           Power      Damage    Failure   Level
 Sublimation of Blood     Necr           0%         N/A       45%         2
 Wereblood                Tmut           0%         N/A       45%         2
 Summon Hydra             Summ           0%         N/A       100%        7


Dungeon Overview and Level Annotations

Branches:
Dungeon (2/15) Zot: 10766

Altars:

Shops:
D:1 (


Innate Abilities, Weirdness & Mutations

Your natural rate of healing is accelerated.
You have razor-sharp teeth.
You have supernaturally acute eyesight. (SInv)
You are afflicted with vampirism.


Message History

You hit the adder but do no damage. The adder bites you.
You are poisoned.
The adder poisons you!
You closely miss the adder.
You feel sick. The adder bites you.
You are more poisoned.
The adder poisons you!
You closely miss the adder.
You feel very sick. The adder bites you.
You are lethally poisoned!
The adder poisons you!
You hit the adder.
The adder is heavily wounded.
You feel very sick. The adder bites you but does no damage.
Okay, then.
Keep bloodletting? [Y]es or [N]o only, please.
Keep bloodletting? [Y]es or [N]o only, please.
Keep bloodletting? [Y]es or [N]o only, please.
Keep bloodletting?
* * * LOW HITPOINT WARNING * * *
You feel very sick. The adder bites you but does no damage.
The adder closely misses you.
You begin bloodletting.
You continue bloodletting.
* * * LOW HITPOINT WARNING * * *
You feel sick. The adder bites you but does no damage.
You continue bloodletting.
* * * LOW HITPOINT WARNING * * *
You feel sick. The adder bites you but does no damage.
You continue bloodletting.
* * * LOW HITPOINT WARNING * * *
You feel sick. The adder misses you.
You continue bloodletting.
* * * LOW HITPOINT WARNING * * *
You feel sick. The adder barely misses you. x2
You continue bloodletting.
You die...

#######.##
##...##[..# ..
#>.8.)..8.+ ...
##...##...#
....
#######'#####
#+#.... #.....#
.......
#.....##....###
##....#........
#...>.@S......
####.##.......
#.# ####### #.#
#.# #.# #.# #.#


You could see an adder.

Vanquished Creatures
  2 dart slugs
  An endoplasm (D:1)
  A giant cockroach (D:1)
  3 goblins
  2 hobgoblins (D:1)
  3 jackals (D:2)
  A quokka (D:1)
  A ball python (D:1)
  A frilled lizard (D:1)
  2 kobolds (D:1)
  2 rats (D:1)
19 creatures vanquished.

Notes
Turn   | Place    | Note
-------+----------+-------------------------------------------
     0 | D:1      | holysushi the Vampire Monk began the quest for the Orb.
     0 | D:1      | Reached XP level 1. HP: 17/17 MP: 1/1
   315 | D:1      | Reached skill level 4 in Unarmed Combat
   315 | D:1      | Reached XP level 2. HP: 23/23 MP: 2/2
   399 | D:1      | Found a faded altar of an unknown god.
   592 | D:1      | Found Veuh Hik's Weapon Emporium.
  1236 | D:2      | HP: 1/23 [poisoned by an adder]
  1237 | D:2      | Succumbed to an adder's poison

Illustrated notes

Levels and vault maps discovered:
D:1:      minmay_arrival_wavy_path, layout_basic, serial_forest,
          infiniplex_forest_clump_long, infiniplex_forest_lined_corner,
          infiniplex_forest_clump_small, infiniplex_forest_clump_curved,
          infiniplex_forest_clump_curved, infiniplex_forest_lined_3,
          serial_shops, nicolae_square_shop, chequers_ecumenical_altar_twisty,
          minmay_misc_feat_tiny, minmay_pentomino_t4
D:2:      wander_river, layout_basic, basic_altar, grunt_ministairs_5

Skill      XL: |  1 |
---------------+----+-----
Unarmed Combat | 4 |  4.5
Fighting       | |  2.6
Dodging        | |  3.2
Stealth        | |  3.0

Action                     || total
---------------------------++-------
  Melee: Unarmed           ||    47
         Bite              ||     7
         Punch             ||     2
Ability: Exsanguinate      ||     1
   Stab: Sleeping          ||     2
 Armour: Robe              ||     5
  Dodge: Dodged            ||    28

Table legend: (Time is in decaauts)
 A = Elapsed time spent in this place.
 B = Non-inter-level travel time spent in this place.
 C = Inter-level travel time spent in this place.
 D = Time resting spent in this place.
 E = Time spent auto-exploring this place.
 F = Levels seen in this place.
 G = Mean time per level.
                   A        B        C        D        E       F      G
               +--------+--------+--------+--------+--------+-----+--------+
         Total |   1233 |   1202 |     31 |    127 |    937 |   2 |  616.5 |
       Dungeon |   1233 |   1202 |     31 |    127 |    937 |   2 |  616.5 |
               +--------+--------+--------+--------+--------+-----+--------+

Top non-repeatable levels by time:
     D:1: 1088 daAuts
     D:2: 145 daAuts
